[Event "Open International de Cappelle-la-Grand"]
[Site "Cappelle-la-Grande"]
[Date "2014.03.06"]
[Round "7.1"]
[White "Ganguly, Surya Shekhar"]
[Black "Kharitonov, Alexandr"]
[Result "1/2-1/2"]
[WhiteElo "2623"]
[BlackElo "2554"]
[PlyCount "48"]
[EventDate "2014.??.??"]
[TimeControl "6000+1305"]
[WhiteClock "0:33:46"]
[BlackClock "0:54:07"]

1. e4 c6 2. d4 d5 3. Nd2 dxe4 4. Nxe4 Bf5 5. Ng3 Bg6 6. h4 h6 7. Nf3 Nd7 8. h5
Bh7 9. Bd3 Bxd3 10. Qxd3 e6 11. Bd2 Ngf6 12. O-O-O Be7 13. Kb1 O-O 14. Ne4 Nxe4
15. Qxe4 Nf6 16. Qf4 Qd6 17. Ne5 Rad8 18. Bc1 Nd7 19. Qg3 Nxe5 20. Bf4 Qd5 21.
Bxe5 f6 22. Bf4 Bd6 23. Bxd6 Rxd6 24. Qg4 Rfd8 1/2-1/2

[Event "Open International de Cappelle-la-Grand"]
[Site "Cappelle-la-Grande"]
[Date "2014.03.06"]
[Round "7.2"]
[White "Gupta, Abhijeet"]
[Black "Miezis, Normunds"]
[Result "0-1"]
[WhiteElo "2630"]
[BlackElo "2548"]
[PlyCount "110"]
[EventDate "2014.??.??"]
[TimeControl "6000+1120"]
[WhiteClock "0:08:05"]
[BlackClock "0:25:51"]

1. d4 Nf6 2. c4 e6 3. g3 Bb4+ 4. Bd2 a5 5. Bg2 d5 6. Nf3 O-O 7. O-O dxc4 8. Bg5
Be7 9. Ne5 h6 10. Bxf6 Bxf6 11. Na3 c5 12. Naxc4 cxd4 13. Rc1 Ra6 14. a4 Nc6
15. Nxc6 bxc6 16. f4 Bb7 17. Qd3 Ra7 18. Qd2 Ba8 19. Qd3 c5 20. Bxa8 Rxa8 21.
Nd2 Qd5 22. b3 Rfb8 23. Rf3 Be7 24. Nc4 f5 25. Rd1 Rb4 26. Qc2 Qe4 27. Rdd3 g5
28. Rf2 g4 29. Nd2 Qd5 30. e3 Rc8 31. Re2 Bf6 32. e4 Qb7 33. exf5 exf5 34. Nc4
Qd5 35. Nxa5 Kg7 36. Nc4 Rbb8 37. Rdd2 d3 38. Rxd3 Bd4+ 39. Ne3 Re8 40. Re1 Kg6
41. h3 Rxe3 42. Rexe3 Re8 43. Kh2 Rxe3 44. Rxe3 Bxe3 45. hxg4 Qd2+ 46. Qxd2
Bxd2 47. Kh3 Bc3 48. Kh4 Bf6+ 49. Kh3 Bd8 50. gxf5+ Kxf5 51. Kg2 Kg4 52. Kf2 h5
53. Kg2 Bb6 54. Kh2 Ba5 55. Kg2 Be1 0-1

[Event "Open International de Cappelle-la-Grand"]
[Site "Cappelle-la-Grande"]
[Date "2014.03.06"]
[Round "7.3"]
[White "Vovk, Andrey"]
[Black "Malakhatko, Vadim"]
[Result "1-0"]
[WhiteElo "2605"]
[BlackElo "2547"]
[PlyCount "63"]
[EventDate "2014.??.??"]
[TimeControl "6000+2035"]
[WhiteClock "0:32:13"]
[BlackClock "0:00:36"]

1. e4 e6 2. d4 d5 3. Nc3 Nf6 4. Bg5 dxe4 5. Nxe4 Nbd7 6. Nf3 h6 7. Bxf6 Nxf6 8.
Bd3 Bd7 9. Ne5 Bd6 10. Qf3 Bxe5 11. dxe5 Nxe4 12. Bxe4 Qg5 13. Qc3 O-O-O 14.
O-O Bb5 15. Rfe1 f5 16. Bf3 Qe7 17. a4 Be8 18. Ra3 g5 19. Qa5 Kb8 20. h3 h5 21.
Ree3 c6 22. Red3 Bg6 23. Rd6 Rxd6 24. exd6 Qxd6 25. Rd3 Qc7 26. Qd2 g4 27. Rd7
Qc8 28. Qd6+ Ka8 29. Be2 f4 30. Ba6 bxa6 31. Rc7 Be4 32. Rxc8+ 1-0

[Event "Open International de Cappelle-la-Grand"]
[Site "Cappelle-la-Grande"]
[Date "2014.03.06"]
[Round "7.4"]
[White "Bachmann, Axel"]
[Black "Wan, Yunguo"]
[Result "1-0"]
[WhiteElo "2575"]
[BlackElo "2504"]
[PlyCount "51"]
[EventDate "2014.??.??"]
[TimeControl "6000+1495"]
[WhiteClock "0:16:18"]
[BlackClock "0:09:52"]

1. c4 Nf6 2. Nc3 g6 3. e4 d6 4. g3 Bg7 5. Bg2 O-O 6. Nge2 c5 7. O-O Nc6 8. d3
Rb8 9. h3 a6 10. a4 Ne8 11. Be3 Nc7 12. d4 cxd4 13. Nxd4 Ne6 14. Nde2 Nc5 15.
Rb1 f5 16. b4 Nxe4 17. Nxe4 fxe4 18. Nf4 Kh8 19. Qd5 Qe8 20. b5 axb5 21. cxb5
Na5 22. Qxe4 Bf5 23. Qb4 Qd8 24. Be4 Rc8 25. Bxf5 Bc3 26. Nxg6+ 1-0

[Event "Open International de Cappelle-la-Grand"]
[Site "Cappelle-la-Grande"]
[Date "2014.03.06"]
[Round "7.5"]
[White "Kovacevic, Aleksandar"]
[Black "Manolache, Marius"]
[Result "1/2-1/2"]
[WhiteElo "2572"]
[BlackElo "2495"]
[PlyCount "79"]
[EventDate "2014.??.??"]
[TimeControl "6000+2275"]
[WhiteClock "0:30:56"]
[BlackClock "0:01:52"]

1. e4 c5 2. Nf3 e6 3. d4 cxd4 4. Nxd4 a6 5. c4 Nf6 6. Nc3 Qc7 7. a3 b6 8. Be3
Bb7 9. f3 Be7 10. Be2 O-O 11. Rc1 Re8 12. Qd2 Nc6 13. b4 Ne5 14. Na4 Rab8 15.
O-O Ng6 16. c5 b5 17. Nb2 Rbc8 18. a4 bxa4 19. Nxa4 Rb8 20. Rfd1 Qe5 21. Nb6
Red8 22. Nb3 d5 23. c6 dxe4 24. Bd4 Qc7 25. cxb7 Qxb7 26. Na5 Qxb6 27. Bxb6
Rxd2 28. Rxd2 Rxb6 29. Rc8+ Bf8 30. Nc6 h6 31. Ra2 exf3 32. gxf3 Kh7 33. Rxa6
Bxb4 34. Rxb6 Bc5+ 35. Kf1 Bxb6 36. Bd3 Nd5 37. Ne5 f5 38. Nxg6 Kxg6 39. Rc6
Kf6 40. Bc4 1/2-1/2

[Event "Open International de Cappelle-la-Grand"]
[Site "Cappelle-la-Grande"]
[Date "2014.03.06"]
[Round "7.6"]
[White "Ding, Liren"]
[Black "Martynov, Pavel"]
[Result "1-0"]
[WhiteElo "2717"]
[BlackElo "2352"]
[PlyCount "53"]
[EventDate "2014.??.??"]
[TimeControl "6000+900"]
[WhiteClock "0:38:32"]
[BlackClock "0:24:16"]

1. c4 c6 2. Nf3 Nf6 3. d4 d5 4. Nc3 e6 5. Bg5 h6 6. Bh4 dxc4 7. e4 g5 8. Bg3 b5
9. h4 g4 10. Ne5 h5 11. Be2 Bb7 12. O-O Nbd7 13. Qc2 a6 14. Rad1 Bg7 15. b3
cxb3 16. axb3 O-O 17. Nxd7 Nxd7 18. e5 c5 19. Ne4 cxd4 20. Ng5 f5 21. Rxd4 Bd5
22. Rxd5 exd5 23. Qc6 Qe8 24. Qxd5+ Kh8 25. e6 Nb6 26. Qb7 f4 27. Qe4 1-0

[Event "Open International de Cappelle-la-Grand"]
[Site "Cappelle-la-Grande"]
[Date "2014.03.06"]
[Round "7.7"]
[White "Rombaldoni, Axel"]
[Black "Negi, Parimarjan"]
[Result "1/2-1/2"]
[WhiteElo "2518"]
[BlackElo "2638"]
[PlyCount "101"]
[EventDate "2014.??.??"]
[TimeControl "6000+1145"]
[WhiteClock "0:15:26"]
[BlackClock "0:04:57"]

1. e4 c5 2. Nf3 d6 3. d4 cxd4 4. Qxd4 Nc6 5. Bb5 Bd7 6. Bxc6 Bxc6 7. c4 Nf6 8.
Nc3 g6 9. O-O Bg7 10. Qd3 O-O 11. Nd4 Qb6 12. Rd1 Rac8 13. b3 Ng4 14. Qd2 Nf6
15. Nd5 Qd8 16. Qe2 Nxe4 17. Qxe4 e6 18. Nxe6 Qe8 19. Nxg7 Qxe4 20. Nf6+ Kxg7
21. Nxe4 Bxe4 22. Rxd6 Rfd8 23. Bb2+ Kf8 24. Rad1 Rxd6 25. Rxd6 Bc6 26. f3 Rc7
27. Rd8+ Ke7 28. Ra8 b5 29. Ba3+ Ke6 30. Rd8 Bd7 31. cxb5 Bxb5 32. Rd6+ Ke5 33.
Rd2 Rd7 34. Bb2+ Ke6 35. Bd4 f6 36. Kf2 Kf7 37. a4 Bc6 38. Rd3 a6 39. Ke3 Bd5
40. Bc5 Be6 41. Rc3 Rb7 42. b4 Bd7 43. b5 axb5 44. a5 b4 45. a6 Rb5 46. Rc1 b3
47. Bd4 b2 48. Rb1 Bc8 49. a7 Bb7 50. Bxb2 Ba8 51. Kd2 1/2-1/2

[Event "Open International de Cappelle-la-Grand"]
[Site "Cappelle-la-Grande"]
[Date "2014.03.06"]
[Round "7.8"]
[White "Lagarde, Maxime"]
[Black "Sumets, Andrey"]
[Result "1/2-1/2"]
[WhiteElo "2514"]
[BlackElo "2628"]
[PlyCount "182"]
[EventDate "2014.??.??"]
[TimeControl "6000+1025"]
[WhiteClock "0:05:12"]
[BlackClock "0:05:11"]

1. e4 c6 2. c4 d5 3. exd5 cxd5 4. cxd5 Nf6 5. Nc3 Nxd5 6. Nf3 e6 7. d4 Bb4 8.
Qc2 Nc6 9. a3 Bd6 10. Bd3 h6 11. O-O O-O 12. Re1 Bd7 13. Nxd5 exd5 14. Qb3 Bg4
15. Ne5 Re8 16. Bf4 Qf6 17. Qxb7 Nxd4 18. Bg3 Be6 19. Rad1 Reb8 20. Qa6 Rb6 21.
Qa4 Nf5 22. Bxf5 Qxf5 23. Nd3 Bf8 24. h3 a5 25. Be5 g5 26. Bc3 f6 27. Qd4 Rba6
28. Re3 Bf7 29. Rde1 Rc8 30. Rf3 Qg6 31. Rxf6 Qxf6 32. Qxf6 Rxf6 33. Bxf6 Rc2
34. Bc3 Bxa3 35. Rc1 Rxc1+ 36. Nxc1 d4 37. Bxd4 Bd6 38. Nd3 Bc4 39. Ne1 Kf7 40.
Nc2 Ke6 41. Bc3 a4 42. Nd4+ Kd5 43. Nf5 h5 44. Ne3+ Kc5 45. f3 Bg3 46. Bf6 Kb4
47. Bxg5 Be5 48. f4 Bxb2 49. Be7+ Kb3 50. Nxc4 Kxc4 51. g4 hxg4 52. hxg4 Bd4+
53. Kg2 Bc5 54. Bf6 a3 55. g5 Bd4 56. Bxd4 Kxd4 57. g6 a2 58. g7 a1=Q 59. g8=Q
Ke4 60. Qg5 Qb2+ 61. Kg3 Qc3+ 62. Kh4 Qe1+ 63. Kh5 Qd1+ 64. Qg4 Qd5+ 65. Kh4
Qf5 66. Kg3 Qf7 67. Qe2+ Kf5 68. Qb5+ Kg6 69. Kg4 Qf6 70. Qd5 Kg7 71. f5 Kf8
72. Qc5+ Kf7 73. Qc7+ Kf8 74. Qc8+ Kf7 75. Kh5 Kg7 76. Qc2 Qh6+ 77. Kg4 Qf6 78.
Qe4 Kf7 79. Kh5 Qh8+ 80. Kg4 Qg7+ 81. Kf3 Qc3+ 82. Kf4 Qf6 83. Qd5+ Ke7 84. Ke4
Qh4+ 85. Kd3 Qg3+ 86. Kc4 Qf4+ 87. Kb5 Qb8+ 88. Ka4 Qd6 89. Qxd6+ Kxd6 90. f6
Ke6 91. f7 Kxf7 1/2-1/2

[Event "Open International de Cappelle-la-Grand"]
[Site "Cappelle-la-Grande"]
[Date "2014.03.06"]
[Round "7.9"]
[White "Chernyshov, Konstantin"]
[Black "Danin, Alexandre"]
[Result "1/2-1/2"]
[WhiteElo "2504"]
[BlackElo "2606"]
[PlyCount "41"]
[EventDate "2014.??.??"]
[TimeControl "6000+380"]
[WhiteClock "1:05:33"]
[BlackClock "1:22:57"]

1. d4 d5 2. Nf3 Nf6 3. g3 g6 4. Bg2 Bg7 5. O-O O-O 6. c3 Nc6 7. Nbd2 Re8 8. Ne5
Nxe5 9. dxe5 Ng4 10. Nf3 Nxe5 11. Nxe5 Bxe5 12. Qxd5 Qxd5 13. Bxd5 c6 14. Bb3
Bc7 15. Kg2 a5 16. a4 Bf5 17. f3 Kg7 18. e4 Bd7 19. Rd1 Rad8 20. Be3 Bc8 21.
Kf2 1/2-1/2

[Event "Open International de Cappelle-la-Grand"]
[Site "Cappelle-la-Grande"]
[Date "2014.03.06"]
[Round "7.10"]
[White "Stojanovic, Dalibor"]
[Black "Azarov, Sergei"]
[Result "0-1"]
[WhiteElo "2501"]
[BlackElo "2603"]
[PlyCount "90"]
[EventDate "2014.??.??"]
[TimeControl "6000+1635"]
[WhiteClock "0:08:42"]
[BlackClock "0:19:17"]

1. e4 e5 2. Bc4 Nf6 3. d3 Nc6 4. Nf3 Be7 5. O-O O-O 6. Re1 d6 7. c3 Na5 8. Bb5
a6 9. Ba4 b5 10. Bc2 c5 11. Nbd2 Re8 12. Nf1 h6 13. h3 Bf8 14. Ne3 Nc6 15. Nh2
d5 16. Nhg4 Nxg4 17. hxg4 d4 18. Nf5 Be6 19. Qf3 Rc8 20. Qg3 f6 21. Bd2 Qd7 22.
cxd4 Nxd4 23. Nxd4 exd4 24. b3 Bd6 25. f4 Bxg4 26. Bd1 h5 27. e5 fxe5 28. fxe5
Bb8 29. Bxg4 Qxg4 30. Qxg4 hxg4 31. Bf4 c4 32. bxc4 bxc4 33. dxc4 Rxc4 34. Re4
Rc2 35. a4 d3 36. Rd1 Re2 37. Rc4 g5 38. Bxg5 g3 39. Rg4 Bxe5 40. Bf4+ Kh7 41.
Bxe5 R8xe5 42. Rf1 d2 43. Rd4 Kg6 44. Rd3 Rf5 45. Rxg3+ Kf6 0-1

[Event "Open International de Cappelle-la-Grand"]
[Site "Cappelle-la-Grande"]
[Date "2014.03.06"]
[Round "7.11"]
[White "Fier, Alexandr"]
[Black "Andreev, Eduard"]
[Result "0-1"]
[WhiteElo "2595"]
[BlackElo "2499"]
[PlyCount "124"]
[EventDate "2014.??.??"]
[TimeControl "6000+1380"]
[WhiteClock "0:53:10"]
[BlackClock "0:04:38"]

1. e4 c5 2. Nf3 Nc6 3. d4 cxd4 4. Nxd4 g6 5. Nc3 Bg7 6. Be3 Nf6 7. Bc4 O-O 8.
Bb3 d6 9. f3 Na5 10. Qd2 Bd7 11. h4 h5 12. O-O-O Nxb3+ 13. cxb3 Qa5 14. Kb1
Rfc8 15. Bh6 Bh8 16. Bg5 Rc5 17. a3 Qd8 18. Nde2 Be6 19. Be3 Rcc8 20. Nd4 Qd7
21. Nce2 Rc7 22. Nf4 Rac8 23. Ndxe6 fxe6 24. Nxg6 Bg7 25. Qb4 Rc2 26. Rd2 Rxd2
27. Qxd2 e5 28. f4 Kh7 29. fxe5 Nxe4 30. Qd5 Nc3+ 31. bxc3 Qf5+ 32. Kb2 Kxg6
33. Bd4 dxe5 34. Bxa7 e4 35. Qxf5+ Kxf5 36. Rc1 Kg4 37. Bf2 Rd8 38. Rc2 Rd3 39.
a4 e3 40. Be1 Bf6 41. Re2 e5 42. c4 e4+ 43. Ka3 Be7+ 44. Bb4 Bxh4 45. c5 Bf2
46. a5 Kg3 47. a6 bxa6 48. c6 Rd8 49. Ka4 Rc8 50. Rc2 Kxg2 51. Ka5 h4 52. Kxa6
h3 53. Kb7 Rxc6 54. Kxc6 h2 55. Bc5 Kf3 56. Rc1 e2 57. Bd6 Bg3 58. Bb4 e1=Q 59.
Bxe1 h1=Q 60. Bd2 Qg2 61. Rc3+ Kg4 62. Be3 Bf4 0-1

[Event "Open International de Cappelle-la-Grand"]
[Site "Cappelle-la-Grande"]
[Date "2014.03.06"]
[Round "7.12"]
[White "Vorobiov, Evgeny E"]
[Black "Lalic, Bogdan"]
[Result "1/2-1/2"]
[WhiteElo "2590"]
[BlackElo "2491"]
[PlyCount "42"]
[EventDate "2014.??.??"]
[TimeControl "6000+800"]
[WhiteClock "0:48:26"]
[BlackClock "1:27:49"]

1. d4 Nf6 2. c4 e6 3. g3 c5 4. d5 exd5 5. cxd5 d6 6. Nc3 g6 7. Bg2 Bg7 8. Nf3
O-O 9. O-O a6 10. a4 Re8 11. Nd2 Nbd7 12. h3 Rb8 13. Nc4 Nb6 14. Na3 Bd7 15. a5
Nc8 16. Nc4 Bb5 17. Qb3 Bxc4 18. Qxc4 Nd7 19. Ne4 Qc7 20. Qc2 Na7 21. Bd2 Nb5
1/2-1/2

[Event "Open International de Cappelle-la-Grand"]
[Site "Cappelle-la-Grande"]
[Date "2014.03.07"]
[Round "8.1"]
[White "Bachmann, Axel"]
[Black "Ganguly, Surya Shekhar"]
[Result "1/2-1/2"]
[WhiteElo "2575"]
[BlackElo "2623"]
[PlyCount "44"]
[EventDate "2014.??.??"]
[TimeControl "6000+880"]
[WhiteClock "0:35:17"]
[BlackClock "1:21:33"]

1. Nf3 Nf6 2. g3 e6 3. c4 d5 4. b3 Be7 5. Bg2 O-O 6. O-O c5 7. Bb2 Nc6 8. e3 b6
9. Nc3 Ba6 10. d3 Rc8 11. Qe2 Qd7 12. Rfd1 Rfd8 13. Rac1 Qe8 14. h3 Bb7 15.
cxd5 Nxd5 16. Nxd5 Rxd5 17. Ne5 Rdd8 18. d4 cxd4 19. Nxc6 Bxc6 20. Bxc6 Rxc6
21. Rxc6 Qxc6 22. Rxd4 Rxd4 1/2-1/2

[Event "Open International de Cappelle-la-Grand"]
[Site "Cappelle-la-Grande"]
[Date "2014.03.07"]
[Round "8.2"]
[White "Miezis, Normunds"]
[Black "Vovk, Andrey"]
[Result "0-1"]
[WhiteElo "2548"]
[BlackElo "2605"]
[PlyCount "88"]
[EventDate "2014.??.??"]
[TimeControl "6000+820"]
[WhiteClock "0:40:58"]
[BlackClock "0:34:23"]

1. c4 f5 2. Nc3 Nf6 3. g3 g6 4. Bg2 Bg7 5. d3 d6 6. e4 Nc6 7. Nge2 O-O 8. O-O
e5 9. f3 Be6 10. Nd5 Nd7 11. Be3 a5 12. Qd2 Nc5 13. f4 Qd7 14. Nec3 fxe4 15.
Nxe4 Nxe4 16. Bxe4 Bh3 17. Rf2 Rae8 18. Re1 exf4 19. Nxf4 Bf5 20. Bxf5 Rxf5 21.
Ref1 Nd4 22. g4 Rf7 23. h3 c6 24. Ng2 Rxf2 25. Rxf2 b6 26. Kh1 d5 27. Rf1 Qd6
28. Bf4 Qc5 29. Ne3 dxc4 30. dxc4 Ne6 31. Bd6 Rd8 32. Bxc5 Rxd2 33. Bxb6 Rxb2
34. Bxa5 Rxa2 35. Be1 Bd4 36. Bf2 Ra3 37. Bg1 Bxe3 38. Re1 Bxg1 39. Rxe6 Bd4
40. Rxc6 Rxh3+ 41. Kg2 Rc3 42. Rc8+ Kg7 43. g5 Be3 44. Rc7+ Kg8 0-1

[Event "Open International de Cappelle-la-Grand"]
[Site "Cappelle-la-Grande"]
[Date "2014.03.07"]
[Round "8.3"]
[White "Manolache, Marius"]
[Black "Ding, Liren"]
[Result "1/2-1/2"]
[WhiteElo "2495"]
[BlackElo "2717"]
[PlyCount "48"]
[EventDate "2014.??.??"]
[TimeControl "6000+1090"]
[WhiteClock "0:13:20"]
[BlackClock "0:18:12"]

1. d4 d5 2. Nf3 Nf6 3. c4 e6 4. Nc3 c6 5. e3 Nbd7 6. Be2 dxc4 7. a4 Qa5 8. Bd2
Bb4 9. Bxc4 O-O 10. O-O c5 11. Qe2 b6 12. Rfd1 Bb7 13. e4 cxd4 14. Nxd4 Qc5 15.
Nb3 Qe7 16. e5 Bxc3 17. Bxc3 Nd5 18. Bd2 Rfc8 19. Rac1 Rab8 20. Nd4 Nc5 21. Nb5
Nxa4 22. Nd6 Rxc4 23. Nxc4 Ba6 24. b3 Nc5 1/2-1/2

[Event "Open International de Cappelle-la-Grand"]
[Site "Cappelle-la-Grande"]
[Date "2014.03.07"]
[Round "8.4"]
[White "Azarov, Sergei"]
[Black "Kveinys, Aloyzas"]
[Result "1-0"]
[WhiteElo "2603"]
[BlackElo "2530"]
[PlyCount "93"]
[EventDate "2014.??.??"]
[TimeControl "6000+1765"]
[WhiteClock "0:18:41"]
[BlackClock "1:10:50"]

1. e4 c5 2. Nf3 e6 3. d4 cxd4 4. Nxd4 a6 5. Be2 Nf6 6. Nc3 Qc7 7. O-O Nc6 8.
Be3 Bb4 9. Na4 Be7 10. c4 Nxe4 11. c5 O-O 12. Rc1 Rd8 13. g3 Nf6 14. Nb6 Rb8
15. Qa4 g6 16. Rfd1 e5 17. Nb3 d5 18. cxd6 Rxd6 19. Rxd6 Qxd6 20. Na5 Bd7 21.
Nxd7 Qxd7 22. Nxc6 bxc6 23. Qxc6 Rxb2 24. Qxd7 Nxd7 25. Bf1 Nf8 26. Rc7 Bd8 27.
Rc8 Be7 28. Rc7 Bd8 29. Ra7 Bb6 30. Rb7 Bd4 31. Rxb2 Bxb2 32. Bxa6 Ba3 33. Bh6
Ne6 34. Bc4 Nd4 35. g4 Bf8 36. Bxf8 Kxf8 37. a4 h6 38. a5 Ke7 39. a6 Nc6 40.
Bd5 Na7 41. h4 f5 42. g5 hxg5 43. hxg5 e4 44. Kg2 Kd6 45. Bf7 Ke5 46. Kh3 Kf4
47. Kh4 1-0

[Event "Open International de Cappelle-la-Grand"]
[Site "Cappelle-la-Grande"]
[Date "2014.03.07"]
[Round "8.5"]
[White "Heberla, Bartlomiej"]
[Black "Kovacevic, Aleksandar"]
[Result "1/2-1/2"]
[WhiteElo "2544"]
[BlackElo "2572"]
[PlyCount "43"]
[EventDate "2014.??.??"]
[TimeControl "6000+360"]
[WhiteClock "1:16:11"]
[BlackClock "1:25:28"]

1. c4 c5 2. Nc3 Nc6 3. Nf3 g6 4. e3 Nf6 5. d4 cxd4 6. exd4 d5 7. cxd5 Nxd5 8.
Qb3 e6 9. Bb5 Bg7 10. Bg5 Qb6 11. Nxd5 exd5 12. Bxc6+ bxc6 13. Qa3 f6 14. O-O
Kf7 15. Rfe1 Bf8 16. Qe3 fxg5 17. Qe8+ Kg7 18. Re7+ Bxe7 19. Qxe7+ Kg8 20. Qe8+
Kg7 21. Qe5+ Kg8 22. Qe8+ 1/2-1/2

[Event "Open International de Cappelle-la-Grand"]
[Site "Cappelle-la-Grande"]
[Date "2014.03.07"]
[Round "8.6"]
[White "Piorun, Kacper"]
[Black "Andreev, Eduard"]
[Result "1/2-1/2"]
[WhiteElo "2570"]
[BlackElo "2499"]
[PlyCount "40"]
[EventDate "2014.??.??"]
[TimeControl "6000+1280"]
[WhiteClock "0:19:52"]
[BlackClock "0:16:30"]

1. d4 Nf6 2. Nf3 e6 3. Bg5 c5 4. e3 h6 5. Bxf6 Qxf6 6. Nbd2 d5 7. c3 Bd6 8. Bd3
O-O 9. dxc5 Bxc5 10. e4 Nc6 11. Qe2 dxe4 12. Nxe4 Qe7 13. g4 Bb6 14. g5 h5 15.
Rg1 g6 16. O-O-O Kg7 17. Bc2 e5 18. Nf6 Qc5 19. Rd2 Be6 20. Qe4 Rfd8 1/2-1/2

[Event "Open International de Cappelle-la-Grand"]
[Site "Cappelle-la-Grande"]
[Date "2014.03.07"]
[Round "8.7"]
[White "Kharitonov, Alexandr"]
[Black "Gao, Rui"]
[Result "1/2-1/2"]
[WhiteElo "2554"]
[BlackElo "2468"]
[PlyCount "41"]
[EventDate "2014.??.??"]
[TimeControl "6000+690"]
[WhiteClock "1:10:10"]
[BlackClock "0:52:03"]

1. d4 Nf6 2. c4 g6 3. g3 Bg7 4. Bg2 d5 5. cxd5 Nxd5 6. e4 Nb6 7. Ne2 c5 8. d5
e6 9. O-O O-O 10. Nec3 Na6 11. a4 exd5 12. exd5 Nc4 13. Nd2 Nxd2 14. Bxd2 Bf5
15. Qb3 Nb4 16. Ne4 Bxe4 17. Bxe4 a5 18. Bc3 Qd6 19. Qc4 Rfe8 20. Bg2 Re7 21.
Rad1 1/2-1/2

[Event "Open International de Cappelle-la-Grand"]
[Site "Cappelle-la-Grande"]
[Date "2014.03.07"]
[Round "8.8"]
[White "Lalic, Bogdan"]
[Black "Iturrizaga, Eduardo"]
[Result "1/2-1/2"]
[WhiteElo "2491"]
[BlackElo "2645"]
[PlyCount "72"]
[EventDate "2014.??.??"]
[TimeControl "6000+1015"]
[WhiteClock "0:29:21"]
[BlackClock "0:26:18"]

1. d4 Nf6 2. c4 e6 3. Nf3 b6 4. g3 Bb7 5. Bg2 c5 6. d5 exd5 7. cxd5 Bxd5 8. Nc3
Bc6 9. e4 d6 10. O-O Be7 11. e5 dxe5 12. Nxe5 Bxg2 13. Kxg2 Qxd1 14. Rxd1 O-O
15. Bf4 Rc8 16. a4 Nc6 17. Nxc6 Rxc6 18. a5 bxa5 19. Rxa5 a6 20. h3 h6 21. g4
Ra7 22. Rda1 Bd8 23. R5a4 Kh7 24. Be3 Bc7 25. Nb5 Rb7 26. Nxc7 Rcxc7 27. Rxa6
Nd5 28. Bc1 Nb4 29. Rd6 c4 30. Bf4 Re7 31. Rc1 Re4 32. Kf3 Rxf4+ 33. Kxf4 Nd3+
34. Rxd3 cxd3 35. Ke3 Rxb2 36. Rd1 d2 1/2-1/2

[Event "Open International de Cappelle-la-Grand"]
[Site "Cappelle-la-Grande"]
[Date "2014.03.07"]
[Round "8.9"]
[White "Negi, Parimarjan"]
[Black "Chernyshov, Konstantin"]
[Result "1-0"]
[WhiteElo "2638"]
[BlackElo "2504"]
[PlyCount "57"]
[EventDate "2014.??.??"]
[TimeControl "6000+895"]
[WhiteClock "0:19:20"]
[BlackClock "0:03:05"]

1. e4 e6 2. d4 b6 3. Bd3 Bb7 4. Ne2 d6 5. O-O Nf6 6. Nd2 Nbd7 7. Ng3 g6 8. f4
Bg7 9. Nf3 O-O 10. c3 c5 11. e5 Ne8 12. Ng5 Qe7 13. Qg4 cxd4 14. cxd4 Rd8 15.
Nh5 dxe5 16. Nxg7 Nxg7 17. Qh3 h5 18. fxe5 Nb8 19. Be3 Nf5 20. Bxf5 exf5 21.
Rad1 Bd5 22. Qg3 Rd7 23. Nh3 Rc8 24. Bg5 Qb4 25. Nf4 Be4 26. Nxh5 Rxd4 27. Nf6+
Kf8 28. Qh4 Rxd1 29. Qh8+ 1-0

[Event "Open International de Cappelle-la-Grand"]
[Site "Cappelle-la-Grande"]
[Date "2014.03.07"]
[Round "8.10"]
[White "Georgescu, Tiberiu-Marian"]
[Black "Gupta, Abhijeet"]
[Result "1/2-1/2"]
[WhiteElo "2468"]
[BlackElo "2630"]
[PlyCount "149"]
[EventDate "2014.??.??"]
[TimeControl "6000+1155"]
[WhiteClock "0:05:27"]
[BlackClock "0:07:43"]

1. d4 Nf6 2. c4 g6 3. f3 d5 4. cxd5 Nxd5 5. e4 Nb6 6. Nc3 Bg7 7. Be3 O-O 8. Qd2
e5 9. d5 c6 10. Rd1 cxd5 11. exd5 N8d7 12. Nh3 e4 13. fxe4 Ne5 14. Nf2 f5 15.
Bg5 Qe8 16. Bb5 Bd7 17. Bxd7 Qxd7 18. O-O f4 19. Bxf4 Nec4 20. Qc1 Nxb2 21.
Qxb2 Rxf4 22. Qb3 Raf8 23. Ne2 R4f7 24. g3 Na4 25. Nf4 Nc3 26. Ne6 Rc8 27. Rde1
Qd6 28. Ng4 Rxf1+ 29. Rxf1 Nxe4 30. Qxb7 Qb6+ 31. Qxb6 axb6 32. Re1 Rc4 33. Nf2
Nc5 34. d6 Bf8 35. Nxc5 Rxc5 36. Ne4 Rc4 37. d7 Rd4 38. Nf6+ Kf7 39. Rf1 Bc5
40. Ne4+ Ke7 41. Nxc5 bxc5 42. Rc1 Rd5 43. Kf2 Kxd7 44. Ke3 Kc6 45. Rc4 Kb5 46.
Rh4 c4 47. Rxh7 Kb4 48. Rb7+ Kc3 49. h4 Rd3+ 50. Kf4 Kd2 51. Rb2+ Kd1 52. Rb1+
Kd2 53. Rb2+ Ke1 54. Rb1+ Rd1 55. Rb6 c3 56. Re6+ Kd2 57. Rd6+ Ke2 58. Re6+ Kd2
59. Rd6+ Kc1 60. Rxg6 Rd4+ 61. Kg5 Rd5+ 62. Kh6 Rc5 63. Rf6 Kd2 64. Rf1 c2 65.
a4 c1=Q 66. Rxc1 Rxc1 67. h5 Ke3 68. Kg7 Rc7+ 69. Kg6 Rc6+ 70. Kg7 Ke4 71. h6
Kf5 72. h7 Rc7+ 73. Kh6 Rc6+ 74. Kg7 Rc7+ 75. Kh6 1/2-1/2

[Event "Open International de Cappelle-la-Grand"]
[Site "Cappelle-la-Grande"]
[Date "2014.03.07"]
[Round "8.11"]
[White "Sumets, Andrey"]
[Black "Wan, Yunguo"]
[Result "1-0"]
[WhiteElo "2628"]
[BlackElo "2504"]
[PlyCount "201"]
[EventDate "2014.??.??"]
[TimeControl "6000+960"]
[WhiteClock "0:03:13"]
[BlackClock "0:01:40"]

1. d4 Nf6 2. c4 g6 3. Nc3 Bg7 4. e4 d6 5. Nf3 O-O 6. Be2 e5 7. O-O Nc6 8. d5
Ne7 9. Ne1 Nd7 10. Be3 f5 11. f3 f4 12. Bf2 g5 13. Rc1 Ng6 14. c5 Nxc5 15. b4
Na6 16. Nb5 b6 17. Qa4 h5 18. Nxd6 cxd6 19. Bxa6 Bd7 20. Bb5 Bxb5 21. Qxb5 g4
22. Kh1 g3 23. Bg1 gxh2 24. Bf2 Bf6 25. Nd3 Bh4 26. Bxh4 Nxh4 27. Rf2 Rf7 28.
Rfc2 Rg7 29. Ne1 Kh7 30. Qc6 Rb8 31. Kxh2 Qf6 32. Kg1 Rbg8 33. Qb5 Kh6 34. Qf1
Rg3 35. Rd2 Qg6 36. Rc6 Rh3 37. Rdc2 Kh7 38. Rc7+ Kh8 39. Re7 Rg3 40. Re6 Qg5
41. Rxd6 Ng6 42. Rdc6 h4 43. Rc8 Nf8 44. Qb5 h3 45. Qe8 hxg2 46. Rf2 Rh3 47.
Rxg2 Rg3 48. Rxg3 Qxg3+ 49. Kf1 Qg1+ 50. Ke2 Rg2+ 51. Nxg2 Qxg2+ 52. Ke1 Qg1+
53. Kd2 Qf2+ 54. Kc1 Qe1+ 55. Kb2 Qd2+ 56. Kb3 Qd1+ 57. Rc2 Qb1+ 58. Kc3 Qa1+
59. Kb3 Qb1+ 60. Ka3 Qxc2 61. Qxf8+ Kh7 62. Qf5+ Kh6 63. Qe6+ Kh7 64. Qd7+ Kg8
65. Qe8+ Kh7 66. Qh5+ Kg8 67. Qg6+ Kf8 68. Qd6+ Kf7 69. Qd7+ Kg8 70. Qxa7 Qd3+
71. Ka4 Qxf3 72. Qb8+ Kf7 73. Qc7+ Kg6 74. Qd6+ Kg5 75. Qxe5+ Kg4 76. d6 Qd1+
77. Kb5 f3 78. Qg7+ Kh3 79. Qh6+ Kg4 80. Qe6+ Kf4 81. d7 f2 82. Qf6+ Kxe4 83.
Qxf2 Qxd7+ 84. Kxb6 Qd8+ 85. Kb5 Qe8+ 86. Kc4 Qg8+ 87. Kc3 Qh8+ 88. Kc2 Qc8+
89. Kb1 Kd3 90. Qf3+ Kd2 91. Qd5+ Ke2 92. b5 Qc3 93. Qb3 Qe1+ 94. Kb2 Qh4 95.
Qc2+ Ke3 96. Qc3+ Ke2 97. a4 Kd1 98. b6 Qf2+ 99. Ka3 Qf8+ 100. Qb4 Qf6 101.
Qb1+ 1-0

[Event "Open International de Cappelle-la-Grand"]
[Site "Cappelle-la-Grande"]
[Date "2014.03.07"]
[Round "8.12"]
[White "Danin, Alexandre"]
[Black "Chabanon, Jean-Luc"]
[Result "0-1"]
[WhiteElo "2606"]
[BlackElo "2479"]
[PlyCount "88"]
[EventDate "2014.??.??"]
[TimeControl "6000+885"]
[WhiteClock "0:53:01"]
[BlackClock "0:37:19"]

1. e4 c5 2. Nf3 d6 3. d4 cxd4 4. Nxd4 Nf6 5. Nc3 g6 6. Be2 Bg7 7. O-O O-O 8.
Bg5 Nc6 9. Nb3 Be6 10. Kh1 a6 11. f4 Rc8 12. Bf3 Bc4 13. Rf2 b5 14. Rd2 Qc7 15.
Nd5 Bxd5 16. exd5 Na5 17. c3 Nxb3 18. Qxb3 Qd7 19. a4 Rc4 20. axb5 axb5 21. Be2
Ne4 22. Rc2 Nc5 23. Qa2 Ra4 24. Qb1 h6 25. Rxa4 bxa4 26. Bh4 Qf5 27. Bf2 Qxf4
28. Bxc5 dxc5 29. Qd1 Rb8 30. g3 Qe3 31. Qd3 Qxd3 32. Bxd3 a3 33. bxa3 Rb1+ 34.
Kg2 Ra1 35. Be2 Rxa3 36. c4 h5 37. Rd2 Be5 38. Rd3 Ra2 39. Re3 Bf6 40. Kf3 Kf8
41. Rb3 Bd4 42. h3 g5 43. g4 f5 44. gxh5 g4+ 0-1